 Dungeon Crawl Stone Soup version 0.17.0-23-g0de4337 (webtiles) character file.

880 ketsa the Magician (level 7, -4/36 HPs)
             Began as a Deep Elf Conjurer on Nov 14, 2015.
             Slain by an orc warrior
             ... wielding a +0 trident
              (24 damage)
             ... on level 6 of the Dungeon.
             The game lasted 00:15:49 (5077 turns).

ketsa the Magician (Deep Elf Conjurer)              Turns: 5077, Time: 00:15:49

Health: -4/36      AC:  6    Str:  5    XL:     7   Next: 75%
Magic:  10/20      EV: 14    Int: 22    God:
Gold:   197        SH:  0    Dex: 15    Spells: 3 memorised, 15 levels left

rFire  . . .     SeeInvis .     J - +0 dagger (speed)
rCold  + . .     Clarity  .     K - +0 robe
rNeg   . . .     SustAt   .     (no shield)
rPois  +         Gourm    .     i - +0 helmet
rElec  .         Spirit   .     (no cloak)
rCorr  .         Warding  .     t - +2 pair of gloves
rMut   .         Stasis   .     (no boots)
MR     .....                    (no amulet)
Stlth  ++........               v - ring of protection from cold
                                I - ring of poison resistance

@: not resistant to hostile enchantments, unstealthy
A: no striking features
a: no special abilities


You were on level 6 of the Dungeon.
You were hungry.

You visited 2 branches of the dungeon, and saw 7 of its levels.

You collected 197 gold pieces.

Inventory:

Hand Weapons
 k - a +0 short sword
 x - a +1 falchion of protection
 J - a +0 dagger of speed (weapon)
Missiles
 n - 5 javelins (quivered)
 y - 7 curare-tipped needles
Armour
 i - a +0 helmet (worn)
 q - a +0 robe
 t - a +2 pair of gloves (worn)
 K - a +0 robe (worn)
Jewellery
 s - an uncursed ring of sustain attributes
 v - a ring of protection from cold (right hand)
 I - a ring of poison resistance (left hand)
Wands
 w - a wand of cold (7)
 G - a wand of frost (12)
Scrolls
 a - 2 scrolls of blinking {unknown}
 d - a scroll of teleportation {unknown}
 e - 2 scrolls of remove curse
 h - a scroll of fog {unknown}
 j - a scroll of enchant armour
 l - a scroll of random uselessness {unknown}
 p - 4 scrolls of identify {unknown}
 r - a scroll of magic mapping {unknown}
 u - a scroll of recharging {unknown}
 z - a scroll of fear {unknown}
Potions
 f - a potion of invisibility {unknown}
 g - 2 potions of heal wounds {unknown}
 m - 4 potions of brilliance {unknown}
 o - a potion of cancellation {unknown}
 A - a potion of cure mutation {unknown}
 B - a potion of curing {unknown}
 C - 2 potions of agility {unknown}
 D - a potion of might {unknown}
 H - 2 potions of haste {unknown}
Books
 b - a book of Conjurations

   Spells                             Type                      Level
   a - Magic Dart                     Conjuration                  1
   b - Searing Ray                    Conjuration                  2
   c - Dazzling Spray                 Conjuration/Hexes            3
   d - Fulminant Prism                Conjuration/Hexes            4
   e - Iskenderun's Mystic Blast      Conjuration                  4
   f - Iskenderun's Battlesphere      Conjuration/Charms           5
Comestibles
 c - 2 bread rations
 E - 2 meat rations
 F - 5 fruits


   Skills:
 + Level 4.5 Dodging
 - Level 2.4 Stealth
 + Level 7.9 Spellcasting
 + Level 7.2 Conjurations
 + Level 3.5 Hexes


You had 15 spell levels left.
You knew the following spells:

 Your Spells              Type           Power        Failure   Level  Hunger
a - Magic Dart            Conj           ####         1%          1    None
b - Searing Ray           Conj           #####.       1%          2    None
c - Dazzling Spray        Conj/Hex       ####....     2%          3    None


Dungeon Overview and Level Annotations

Branches:
Dungeon (6/15)             Temple (1/1) D:5

Altars:
Ashenzari
Dithmenos
Elyvilon
Fedhas
Gozag
Kikubaaqudgha
Makhleb
Nemelex Xobeh
Qazlal
Ru
Sif Muna
Trog
Xom
Zin
The Shining One

Annotations:
D:3 nht's ghost, amateur OgEn
D:5 Sigmund


Message History

Confirm with . or Enter, or press ? or * to list all spells.
Aiming: Searing Ray
Press: ? - help, Shift-Dir - straight line, f - orc
Aim: an orc, wielding a club and wearing a leather armour The searing ray hits the orc.
The orc is moderately wounded.
The orc barely misses you. The orc warrior misses you.
The searing ray hits the orc.
You kill the orc!
The orc warrior hits you from afar with a trident!
The searing ray hits the orc warrior.
The orc warrior is moderately wounded.
The orc warrior barely misses you.
The searing ray hits the orc warrior.
The orc warrior is almost dead.
The searing ray hits the orc.
You kill the orc!
The orc warrior hits you from afar with a trident!!
Ouch! That really hurt!
You die...

. .. #. .. #?
.#..
#.###.####.$...
#.........o..#
.# #......# ...
##.# #.####.#
#.# ...# #>#
#.# #..# #@#
#.# #..#
#)###.# #..#
#o##..######..#
#.#.......<...#
#..o..######.##
#####.## #.#
##[..## #.#
#.#.#.####.#
#.#........#


You could see an orc warrior.

Vanquished Creatures
  Menkaure (D:4)
  A gnoll sergeant (D:5)
  A centaur zombie (D:5)
  3 hounds
  A giant frog zombie (D:5)
  3 orc priests
  An iguana (D:6)
  Terence (D:3)
  6 orc wizards
  Natasha (twice) (D:4)
  5 adders
  6 gnolls (D:5)
  An ooze (D:5)
  2 worms
  4 giant geckos
  26 orcs
  5 bats
  6 giant cockroaches
  6 goblins
  3 hobgoblins
  A ball python (D:5)
  A giant gecko skeleton (D:4)
  A giant newt (D:5)
  12 kobolds
  A quokka skeleton (D:4)
  5 rats
105 creatures vanquished.

Vanquished Creatures (others)
  4 fungi (D:4)
4 creatures vanquished.

Grand Total: 109 creatures vanquished

Notes
Turn   | Place    | Note
--------------------------------------------------------------
     0 | D:1      | ketsa the Deep Elf Conjurer began the quest for the Orb.
     0 | D:1      | Reached XP level 1. HP: 10/10 MP: 6/6
   304 | D:1      | Reached XP level 2. HP: 15/15 MP: 4/8
   308 | D:1      | Learned a level 2 spell: Searing Ray
  1040 | D:2      | Found a shadowy altar of Dithmenos.
  1231 | D:2      | Found a stormy altar of Qazlal.
  1380 | D:2      | Reached XP level 3. HP: 11/19 MP: 3/10
  1714 | D:2      | Reached skill level 5 in Conjurations
  1950 | D:3      | Noticed Terence
  1966 | D:3      | Killed Terence
  1966 | D:3      | Reached skill level 5 in Spellcasting
  1966 | D:3      | Reached XP level 4. HP: 24/24 MP: 4/13
  2386 | D:3      | Noticed nht's ghost (amateur OgEn)
  2389 | D:4      | Noticed Menkaure
  2395 | D:4      | Killed Menkaure
  2395 | D:4      | Reached skill level 6 in Spellcasting
  2395 | D:4      | Reached XP level 5. HP: 28/28 MP: 6/15
  2687 | D:4      | Reached XP level 6. HP: 32/32 MP: 14/17
  2917 | D:4      | Noticed Natasha
  2956 | D:4      | Killed Natasha
  3039 | D:4      | Found a blossoming altar of Fedhas.
  3110 | D:4      | Reached skill level 7 in Spellcasting
  3175 | D:4      | Noticed Natasha
  3180 | D:4      | Killed Natasha
  3542 | D:4      | Learned a level 3 spell: Dazzling Spray
  3555 | D:4      | Reached skill level 1 in Hexes
  3695 | D:5      | Entered Level 5 of the Dungeon
  3772 | D:5      | Reached XP level 7. HP: 36/36 MP: 12/19
  3955 | D:5      | Found a sparkling altar of Nemelex Xobeh.
  4057 | D:5      | Found a staircase to the Ecumenical Temple.
  4086 | Temple   | Entered the Ecumenical Temple
  4803 | D:5      | Noticed Sigmund
  5077 | D:6      | Slain by an orc warrior

Action                   |  1- 3 |  4- 6 |  7- 9 || total
-------------------------+-------+-------+-------++-------
Melee: Falchion          |       |     5 |     1 ||     6
       Short sword       |       |     1 |       ||     1
 Cast: Magic Dart        |    61 |    50 |    37 ||   148
       Searing Ray       |     5 |    18 |    18 ||    41
  Use: Scroll            |       |     2 |       ||     2
  Eat: Chunk             |     3 |     4 |     5 ||    12
